 Dungeon Crawl Stone Soup version 0.28-a0-477-g0b43c73ce0 (webtiles) character file.

Game seed: 3018131831223979755

1126 Kangaroobicon the Ruffian (level 8, -1/75 HPs)
             Began as a Troll Monk on Sept 17, 2021.
             Was an Elder of Trog.
             Slain by Prince Ribbit (15 damage)
             ... on level 6 of the Dungeon.
             The game lasted 00:42:56 (3736 turns).

Kangaroobicon the Ruffian (Troll Monk)              Turns: 3736, Time: 00:42:57

Health: -1/75      AC:  6    Str: 20    XL:     8   Next: 13%
Magic:  16/16      EV: 11    Int:  7    God:    Trog [****..]
Gold:   214        SH:  0    Dex: 13    Spells: 7/7 levels left

rFire   . . .      SeeInvis .     - Unarmed
rCold   . . .      Faith    .   (no shield)
rNeg    . . .      Spirit   .   H - +2 robe {Will+}
rPois   .          Reflect  .   (helmet restricted)
rElec   .          Harm     .   (no cloak)
rCorr   +          Rampage  .   (gloves unavailable)
Will    +....                   (boots unavailable)
Stlth   ++........              (no amulet)
HPRegen 1.22/turn               h - ring of resist corrosion
MPRegen 0.15/turn               l - ring of magical power

@: no status effects
A: large, unfitting armour, claws 3, regeneration 1, shaggy fur 1, tough skin 1
a: Renounce Religion, Berserk, Trog's Hand, Brothers in Arms


You were on level 6 of the Dungeon.
You worshipped Trog.
Trog was greatly pleased with you.
You visited 1 branch of the dungeon, and saw 6 of its levels.

You collected 214 gold pieces.

Inventory:

Hand Weapons
 j - a +2 dagger of pain
 p - a +0 hunting sling
 s - a +2 short sword of holy wrath
 y - a +1 dagger of venom
 z - a +2 dagger of speed
 C - a +0 giant club
 F - a +2 falchion of freezing
Missiles
 i - 48 arrows
 k - 14 poisoned darts (quivered)
 t - 21 sling bullets
 w - 103 stones
 A - 38 bolts
 B - 6 boomerangs
Armour
 H - a +2 robe of willpower (worn)
Magical Staves
 q - a staff of earth
Jewellery
 h - a ring of resist corrosion (left claw)
 l - a ring of magical power (right claw)
Wands
 D - a wand of iceblast (12)
 G - a wand of flame (17)
Scrolls
 b - a scroll of blinking {unknown}
 c - 2 scrolls of torment {unknown}
 d - a scroll of holy word {unknown}
 f - a scroll of enchant weapon {unknown}
 g - 3 scrolls of magic mapping {unknown}
 m - a scroll of amnesia {unknown}
 u - 2 scrolls of identify {unknown}
 x - a scroll of fog {unknown}
 E - a scroll of teleportation {unknown}
Potions
 e - 2 potions of heal wounds {unknown}
 n - a potion of attraction {unknown}
 o - a potion of mutation {unknown}
 r - 2 potions of flight {unknown}
 v - 2 potions of haste {unknown}


   Skills:
 + Level 3.3 Fighting
 + Level 3.8 Throwing
 + Level 3.9 Dodging
 + Level 2.0 Stealth
 + Level 7.0 Unarmed Combat


You had 7 spell levels left.
You didn't know any spells.
Your spell library was empty.

Dungeon Overview and Level Annotations

Branches:
Dungeon (6/15)
 Temple: D:4-7

Altars:
Gozag
Trog
Uskayaw
Wu Jian

Shops:
D:3 *

Annotations:
D:6 Prince Ribbit


Innate Abilities, Weirdness & Mutations

You are too large for most types of armour.
You have claws for hands.
Your natural rate of healing is unusually fast.
You are covered in fur. (AC +1)
You have tough skin. (AC +1)


Message History

The centaur zombie misses you.
You claw the centaur zombie!
The centaur zombie is almost destroyed.
The centaur zombie misses you. The centaur zombie barely misses you.
You mangle the centaur zombie!!
You destroy the centaur zombie!
Trog accepts your kill.
Prince Ribbit blinks!
The adder misses you. Prince Ribbit hits you! x2
You scratch Prince Ribbit but do no damage.
The adder bites you but does no damage.
Prince Ribbit lets out a mournful croak.
Prince Ribbit hits you! The adder misses you.
You closely miss Prince Ribbit. Prince Ribbit completely misses you.
The adder bites you but does no damage.
You scratch Prince Ribbit but do no damage.
Your claw misses Prince Ribbit. Prince Ribbit barely misses you.
The adder bites you. Prince Ribbit hits you!
You scratch Prince Ribbit.
Prince Ribbit is lightly wounded.
The adder barely misses you.
Prince Ribbit blinks!
You closely miss the adder. The adder bites you.
You closely miss the adder. You claw the adder.
The adder is heavily wounded.
Prince Ribbit hits you. The adder barely misses you.
You claw the adder!
You kill the adder!
Trog accepts your kill. Prince Ribbit hits you.
You miss Prince Ribbit.
Prince Ribbit is lightly wounded.
Prince Ribbit barely misses you. Prince Ribbit hits you!
* * * LOW HITPOINT WARNING * * *
You barely miss Prince Ribbit.
Prince Ribbit is lightly wounded.
Prince Ribbit blinks!
You closely miss Prince Ribbit.
Prince Ribbit is lightly wounded.
Prince Ribbit hits you!
You die...

#.# ## #.# #..
..# #.# #.#
..# #.# #.#
..####. #.#
#.# .......
#.# #.#
......# #.#
#.#####.......
#.#
#...F.§.......
#.#
#.##†@†.(...(.
#.#
#.######....?#
#.# #.# ....#
#.##########.#
####
#....<.......#
##############


You could see Prince Ribbit.

Vanquished Creatures
  Sigmund (D:5)
  2 water moccasins
  An ogre (D:4)
  3 scorpions
  A bullfrog zombie (D:5)
  A bullfrog skeleton (D:5)
  A centaur zombie (D:6)
  An orc priest (D:5)
  2 hounds (D:5)
  Jessica (D:2)
  Terence (D:3)
  An orc wizard (D:3)
  2 iguanas
  Ijyb (D:5)
  4 adders
  A shadow imp (D:5)
  An ufetubus (D:4)
  An adder skeleton (D:4)
  2 worms (D:3)
  A dart slug (D:1)
  8 orcs
  7 ball pythons
  6 endoplasms
  A giant cockroach (D:1)
  9 goblins
  10 hobgoblins
  4 jackals (D:2)
  8 kobolds
  5 quokkas
  6 bats
  3 frilled lizards (D:1)
  10 rats
106 creatures vanquished.

Vanquished Creatures (others)
  8 plants
8 creatures vanquished.

Grand Total: 114 creatures vanquished

Notes
Turn   | Place    | Note
-------+----------+-------------------------------------------
     0 | D:1      | Kangaroobicon the Troll Monk began the quest for the Orb.
     0 | D:1      | Reached XP level 1. HP: 22/22 MP: 0/0
   207 | D:1      | Reached XP level 2. HP: 26/29 MP: 1/1
   412 | D:1      | Reached XP level 3. HP: 36/36 MP: 2/2
   647 | D:2      | Noticed Jessica
   689 | D:2      | Killed Jessica
   690 | D:2      | Reached skill level 4 in Unarmed Combat
   690 | D:2      | Reached XP level 4. HP: 26/44 MP: 3/3
   805 | D:2      | Found a faded altar of an unknown god.
   812 | D:2      | Became a worshipper of Trog the Wrathful
   812 | D:2      | Reached * piety under Trog
   812 | D:2      | Reached ** piety under Trog
   912 | D:2      | Reached *** piety under Trog
  1250 | D:3      | Noticed a scorpion
  1257 | D:3      | Killed a scorpion
  1258 | D:3      | Reached XP level 5. HP: 44/52 MP: 4/4
  1416 | D:3      | Noticed Terence
  1420 | D:3      | Killed Terence
  1421 | D:3      | Reached skill level 5 in Unarmed Combat
  1665 | D:3      | Found a glowing drain.
  1794 | D:3      | Found Gozag's Platinum Reserve.
  1795 | D:3      | Found an opulent altar of Gozag.
  2237 | D:4      | Noticed an ogre
  2241 | D:4      | Killed an ogre
  2242 | D:4      | Reached skill level 1 in Throwing
  2242 | D:4      | Reached XP level 6. HP: 33/61 MP: 5/5
  2789 | D:5      | Entered Level 5 of the Dungeon
  2923 | D:5      | Noticed Ijyb
  2925 | D:5      | Killed Ijyb
  2925 | D:5      | Reached **** piety under Trog
  2940 | D:5      | Reached XP level 7. HP: 54/67 MP: 6/6
  2985 | D:5      | Found an ornate altar of the Wu Jian Council.
  2993 | D:5      | Reached skill level 6 in Unarmed Combat
  3369 | D:5      | Found a hide-covered altar of Uskayaw.
  3402 | D:5      | Noticed Sigmund
  3415 | D:5      | Killed Sigmund
  3720 | D:6      | Reached skill level 7 in Unarmed Combat
  3720 | D:6      | Reached XP level 8. HP: 75/75 MP: 7/7
  3720 | D:6      | Noticed Prince Ribbit
  3736 | D:6      | Slain by Prince Ribbit

Illustrated notes

Levels and vault maps discovered:
D:1:      dpeg_arrival_more_subterranean_lakeside_camping, layout_basic,
          corexii_leaking_fountain, minmay_pentomino_s4
D:2:      layout_loops_ring, dilly_ecumenical_altar_fadedgnrine, uniq_jessica
D:3:      wander_river, layout_basic, nicolae_gozag_zags_fifth_avenue,
          cheibrodos_sewer_entry_bend, uniq_terence
D:4:      layout_gridville
D:5:      layout_loops_corners, mainiacjoe_overflow_cross_hatched,
          nicolae_uskayaw_murder_on_the_dancefloor, uniq_ijyb, uniq_sigmund
D:6:      layout_loops_ring, grunt_ministairs_5, uniq_prince_ribbit1

Skill      XL: |  1  2  3  4  5  6  7 |
---------------+----------------------+-----
Unarmed Combat | 4 5 7 |  7.0
Dodging        | 3 |  3.9
Fighting       | 3 |  3.3
Throwing       | 1 2 3 |  3.8
Stealth        | 2 |  2.0

Action                   |  1- 3 |  4- 6 |  7- 9 || total
-------------------------+-------+-------+-------++-------
Melee: Unarmed           |    94 |   135 |    63 ||   292
       Punch             |     1 |     3 |     4 ||     8
Throw: Dart              |       |    45 |    21 ||    66
 Stab: Distracted        |     1 |       |       ||     1
       Sleeping          |       |     4 |     1 ||     5
Armor: Robe              |    23 |    30 |    16 ||    69
Dodge: Dodged            |    45 |    59 |    25 ||   129

Table legend: (Time is in decaauts)
 A = Elapsed time spent in this place.
 B = Non-inter-level travel time spent in this place.
 C = Inter-level travel time spent in this place.
 D = Time resting spent in this place.
 E = Time spent auto-exploring this place.
 F = Levels seen in this place.
 G = Mean time per level.
                   A        B        C        D        E       F      G
               +--------+--------+--------+--------+--------+-----+--------+
         Total |   3734 |   3734 |      0 |      0 |    118 |   6 |  622.3 |
       Dungeon |   3734 |   3734 |      0 |      0 |    118 |   6 |  622.3 |
               +--------+--------+--------+--------+--------+-----+--------+

Top non-repeatable levels by time:
     D:3: 935 daAuts
     D:5: 875 daAuts
     D:1: 638 daAuts
     D:4: 622 daAuts
     D:2: 605 daAuts
     D:6: 58 daAuts
